Map: Central Protocol

Players

dagoogler - Winner!

  • Race: Zerg Zerg
  • League: Bronze

ImmortalZodd

  • Race: Zerg Zerg
  • League: Silver

VOD

Have the link to the VOD?

Description

Time

  • Played on: Jan. 29, 2016, 9:30 p.m.
  • Length: 4:04
Show
View Real Time Build Order
Export as new Build Order

dagoogler Zerg - Winner!

Build Orders: Pool First 

Get SALT Encoding   

  12  0:01  Drone  
  13  0:11  Drone  
  14  0:19  Overlord  
  14  0:34  Spawning Pool  
  13  0:38  Drone  
  13  0:42  Drone  
  15  0:45  Drone  
  16  1:15  Hatchery  
  15  1:20  Zergling x4  
  15  1:21  Zergling x2  
  18  1:31  Queen  
  20  1:34  Drone  
  21  1:45  Drone  
  22  2:11  Overlord  
  22  2:17  Extractor  
  22  2:18  Hatchery, Drone  
  22  2:19  Drone  
  22  2:38  Queen  
  22  2:39  Drone x2  
  25  2:55  Zergling x8  
  25  2:56  Zergling x2  
  29  3:04  Extractor  
  27  3:07  Zergling x4  
  29  3:17  Zergling x2  
  29  3:18  Zergling x2  
  31  3:24  Zergling x4  
  33  3:35  Drone  
Show
View Real Time Build Order
Export as new Build Order

ImmortalZodd Zerg 

Build Orders: Hatch First 

Get SALT Encoding   

  12  0:02  Drone  
  13  0:11  Drone  
  14  0:17  Drone, Extractor  
  15  0:47  Overlord  
  15  0:50  Hatchery  
  14  0:57  Extractor  
  14  0:58  Drone  
  14  1:06  Drone x2  
  14  1:09  Drone  
  17  1:21  Drone  
  18  1:30  Spawning Pool  
  17  1:33  Drone  
  18  1:41  Drone  
  18  1:52  Drone  
  19  2:03  Drone  
  19  2:04  Drone  
  21  2:22  Queen  
  21  2:27  Zergling x6  
  21  2:28  Zergling x2  
  21  2:29  Metabolic Boost  
  25  2:40  Zergling x4  
  25  2:54  Zergling x4  
  27  3:03  Zergling x2  
  27  3:04  Overlord  
  27  3:13  Overlord x2  
  27  3:22  Queen  
  29  3:30  Drone  
  30  3:34  Drone  
  30  3:40  Spine Crawler  
  30  3:43  Spine Crawler  
  30  3:44  Drone, Spine Crawler  
  30  3:45  Drone  
  30  3:47  Zergling x2  
Tags
 
Add a new tag
Caveats
  • Supply blocks, unpowered buildings, or Contaminate may cause inaccurate times.
  • Supply counts are checked every 10 seconds.